 Dungeon Crawl Stone Soup version 0.28-a0-667-g162e43154e (webtiles) character file.

Game seed: 9506192925947836550

49 Lekart the Skirmisher (level 3, -1/33 HPs)
             Began as a Draconian Fighter on Oct 17, 2021.
             Succumbed to a goblin's poison
             ... on level 2 of the Dungeon.
             The game lasted 00:01:02 (902 turns).

Lekart the Skirmisher (Draconian Fighter)            Turns: 902, Time: 00:01:02

Health: -1/33      AC:  6    Str: 19    XL:     3   Next: 53%
Magic:  3/3        EV: 12    Int:  8    God:
Gold:   55         SH:  4    Dex: 10    Spells: 2/2 levels left

rFire   . . .      SeeInvis .   a - +0 long sword
rCold   . . .      Faith    .   b - +0 buckler
rNeg    . . .      Spirit   .   (armour unavailable)
rPois   .          Reflect  .   (helmet restricted)
rElec   .          Harm     .   (no cloak)
rCorr   .          Rampage  .   d - +0 pair of gloves
Will    .....                   (no boots)
Stlth   +.........              (no amulet)
HPRegen 0.11/turn               (no ring)
MPRegen 0.08/turn               (no ring)

@: lethally poisoned (-1 -> -29)
A: AC +5, unfitting armour, cold-blooded
a: no special abilities


You were on level 2 of the Dungeon.
You visited 1 branch of the dungeon, and saw 2 of its levels.

You collected 55 gold pieces.

Inventory:

Hand Weapons
 a - a +0 long sword (weapon)
Armour
 b - a +0 buckler (worn)
 d - a +0 pair of gloves (worn)
Potions
 c - a potion of might


   Skills:
 + Level 3.7 Fighting
 + Level 2.6 Long Blades
 + Level 3.1 Dodging
 + Level 0.1 Stealth
 + Level 3.4 Shields


You had 2 spell levels left.
You didn't know any spells.
Your spell library contained the following spells:

 Spells                   Type           Power      Damage    Failure   Level
 Summon Small Mammal      Summ           0%         N/A       43%         1
 Call Canine Familiar     Summ           0%         N/A       80%         3
 Summon Guardian Golem    Hex/Summ       0%         N/A       80%         3


Dungeon Overview and Level Annotations

Branches:
Dungeon (2/15)

Altars:


Innate Abilities, Weirdness & Mutations

Your plain brown scales are hard. (AC +5)
You cannot fit into any form of body armour.
You are cold-blooded and may be slowed by cold attacks.


Message History

There are monsters nearby!
A goblin comes into view. It is wielding a +4 dagger of venom.
You completely miss the giant cockroach.
The goblin shouts!
The giant cockroach bites you but does no damage.
A quokka comes into view.
You completely miss the frilled lizard. The frilled lizard bites you.
The giant cockroach bites you but does no damage. x2
You block the frilled lizard's attack.
You barely miss the frilled lizard. The giant cockroach bites you.
The frilled lizard barely misses you. The goblin hits you but does no damage.
You are poisoned.
You closely miss the frilled lizard.
You feel very sick. The giant cockroach closely misses you.
You block the frilled lizard's attack.
The goblin hits you with a +4 dagger of venom.
You are more poisoned.
You block the giant cockroach's attack.
You miss the frilled lizard.
Your tail-slap misses the frilled lizard.
You feel very sick. You block the frilled lizard's attack.
The quokka twitches its whiskers.
The goblin hits you but does no damage.
You are more poisoned.
The giant cockroach barely misses you. The frilled lizard barely misses you.
The goblin hits you but does no damage.
You are lethally poisoned!
You slash the frilled lizard!
You kill the frilled lizard!
You feel extremely sick.
The giant cockroach bites you but does no damage.
The giant cockroach barely misses you.
The goblin hits you with a +4 dagger of venom.
You are more poisoned.
* * * LOW HITPOINT WARNING * * *
You feel extremely sick.
Okay, then.
You aren't carrying any scrolls.
You die...

. ## .# .. .##. #...
#..#### #†g...#
.#####Br##.#
........##.#
........@..#
#######....# #.
#...#####.###
..###...........#
###..............#
......#...........#
..>...............##
(..................#
......#............#


You could see a quokka, a giant cockroach and a goblin.

Vanquished Creatures
  2 adders (D:2)
  2 bats (D:1)
  3 endoplasms
  3 giant cockroaches (D:1)
  2 goblins (D:1)
  3 hobgoblins (D:1)
  A quokka (D:1)
  4 ball pythons
  3 frilled lizards (D:2)
  2 kobolds
  6 rats
31 creatures vanquished.

Notes
Turn   | Place    | Note
-------+----------+-------------------------------------------
     0 | D:1      | Lekart the Draconian Fighter began the quest for the Orb.
     0 | D:1      | Reached XP level 1. HP: 19/19 MP: 1/1
   226 | D:1      | Reached XP level 2. HP: 24/26 MP: 2/2
   343 | D:1      | Found a faded altar of an unknown god.
   725 | D:2      | Reached XP level 3. HP: 30/33 MP: 3/3
   902 | D:2      | Succumbed to a goblin's poison

Illustrated notes

Levels and vault maps discovered:
D:1:      roderic_dead_forest, layout_rooms, basic_ecumenical_altar
D:2:      layout_basic, minmay_misc_feat_nine_boxes, minmay_vboxes

Skill      XL: |  1  2 |
---------------+-------+-----
Dodging        | 3 |  3.1
Fighting       | |  3.7
Long Blades    | |  2.6
Stealth        | |  0.1
Shields        | |  3.4

Action                   || total
-------------------------++-------
Melee: Long sword        ||    77
       Tailslap          ||     7
Armor: Skin              ||    32
Dodge: Dodged            ||    52
Block: Buckler           ||    19

Table legend: (Time is in decaauts)
 A = Elapsed time spent in this place.
 B = Non-inter-level travel time spent in this place.
 C = Inter-level travel time spent in this place.
 D = Time resting spent in this place.
 E = Time spent auto-exploring this place.
 F = Levels seen in this place.
 G = Mean time per level.
                   A        B        C        D        E       F      G
               +--------+--------+--------+--------+--------+-----+--------+
         Total |    928 |    902 |     26 |      0 |    723 |   2 |  464.0 |
       Dungeon |    928 |    902 |     26 |      0 |    723 |   2 |  464.0 |
               +--------+--------+--------+--------+--------+-----+--------+

Top non-repeatable levels by time:
     D:1: 692 daAuts
     D:2: 236 daAuts
